 Dungeon Crawl Stone Soup version 0.25.1-2-g60ff931df9 (webtiles) character file.

Game seed: 16646888108099862087

227 Oragul the Poker (level 6, -7/48 HPs)
             Began as a Human Monk on Dec 6, 2020.
             Was a Believer of Makhleb.
             Mangled by an orc
             ... wielding a +0 short sword of distortion
              (11 damage)
             ... on level 4 of the Dungeon.
             The game lasted 00:13:53 (2869 turns).

Oragul the Poker (Human Monk)                       Turns: 2869, Time: 00:13:53

Health: -7/48      AC:  5    Str: 13    XL:     6   Next: 22%
Magic:  6/6        EV: 11    Int: 10    God:    Makhleb [**....]
Gold:   263        SH:  5    Dex: 16    Spells: 5/5 levels left

rFire    x . .     SeeInvis .   a - +0 spear
rCold    + + .     Gourm    .   (no shield)
rNeg     . . .     Faith    .   j - +2 leather armour {rC+}
rPois    .         Spirit   .   (no helmet)
rElec    .         Reflect  +   (no cloak)
rCorr    .         Harm     .   (no gloves)
MR       .....                  (no boots)
Stlth    ++........             d - amulet of reflection
HPRegen  0.16/turn              s - ring of ice
MPRegen  0.10/turn              (no ring)

@: constricted
A: no striking features
a: Minor Destruction, Renounce Religion


You were on level 4 of the Dungeon.
You worshipped Makhleb.
Makhleb was pleased with you.
You were not hungry.

You visited 1 branch of the dungeon, and saw 4 of its levels.

You collected 263 gold pieces.

Inventory:

Hand Weapons
 a - a +0 spear (weapon)
Missiles
 m - a javelin (quivered)
 r - 6 boomerangs
Armour
 b - a +0 robe
 j - a +2 leather armour of cold resistance (worn)
 n - a +0 chain mail
 t - the +0 leather armour of the Game of Life {Dex+4}
   (You took it off an orc on level 4 of the Dungeon)

   It affects your dexterity (+4).
Jewellery
 d - an amulet of reflection (around neck)
 s - a ring of ice (left hand)
Wands
 p - a wand of enslavement (11)
 q - a wand of digging (3)
Scrolls
 e - 3 scrolls of identify
 g - 2 scrolls of remove curse
Potions
 f - a potion of heal wounds {unknown}
 h - 3 potions of curing {unknown}
 i - a potion of ambrosia {unknown}
 k - a potion of invisibility {unknown}
 l - a potion of flight {unknown}
 o - a potion of stabbing {unknown}
Comestibles
 c - 3 rations


   Skills:
 + Level 3.7 Fighting
 + Level 4.3 Polearms
 + Level 0.8 Throwing
 + Level 1.4 Armour
 + Level 4.2 Dodging
 + Level 2.7 Stealth


You had 5 spell levels left.
You didn't know any spells.
Your spell library was empty.

Dungeon Overview and Level Annotations

Branches:
Dungeon (4/15)
 Temple: D:4-7

Altars:
Makhleb
Nemelex Xobeh
Xom


Message History

You are too injured to fight recklessly!
You are too injured to fight recklessly!
You are too injured to fight recklessly!
You are too injured to fight recklessly!
You are too injured to fight recklessly!
You closely miss the orc.
The orc is severely wounded.
The orc hits you but does no damage. Space bends around you.
The ball python barely misses you. The ball python constricts you.
You hit the orc but do no damage.
The orc is severely wounded.
The orc hits you but does no damage. Space bends around you.
* * * LOW HITPOINT WARNING * * *
You block the ball python's attack. The ball python constricts you.
You hit the orc but do no damage.
The orc is severely wounded.
The orc hits you with a +0 short sword of distortion!
* * * LOW HITPOINT WARNING * * *
Space warps horribly around you!
You die...

###.#...# ........
#...... ..... ....
#.. #.# .# #S# .#
#@# .# ###########o#
.# ........÷..o# .#
.......<.†..# .#
..########)####.####
#.......o.o...#
#.###...........o
#########.##. <.


You could see 2 orcs and a ball python.

Vanquished Creatures
  An ogre (D:2)
  A bullfrog zombie (D:3)
  A howler monkey skeleton (D:3)
  3 adders
  2 oozes (D:1)
  A worm (D:2)
  A dart slug (D:2)
  8 orcs
  4 giant cockroaches
  3 goblins
  2 hobgoblins
  6 jackals
  2 ball pythons
  11 bats
  6 frilled lizards
  5 kobolds
  5 rats
62 creatures vanquished.

Notes
Turn   | Place    | Note
-------+----------+-------------------------------------------
     0 | D:1      | Oragul the Human Monk began the quest for the Orb.
     0 | D:1      | Reached XP level 1. HP: 18/18 MP: 1/1
   162 | D:1      | Reached XP level 2. HP: 22/24 MP: 2/2
   813 | D:1      | You fall into a shaft and drop 1 floor!
   820 | D:2      | Reached XP level 3. HP: 27/29 MP: 3/3
  1233 | D:2      | Noticed an ogre
  1319 | D:2      | HP: 1/29 [ogre/+0 giant spiked club (2)]
  1322 | D:2      | Killed an ogre
  1322 | D:2      | Reached XP level 4. HP: 2/35 MP: 4/4
  1322 | D:2      | Reached XP level 5. HP: 2/41 MP: 5/5
  1761 | D:2      | Reached skill level 1 in Armour
  1798 | D:2      | Found a burning altar of Makhleb.
  1798 | D:2      | Found a shimmering altar of Xom.
  1812 | D:2      | Became a worshipper of Makhleb the Destroyer
  1812 | D:2      | Reached * piety under Makhleb
  1812 | D:2      | Reached ** piety under Makhleb
  2318 | D:3      | Found a sparkling altar of Nemelex Xobeh.
  2341 | D:3      | Reached XP level 6. HP: 36/47 MP: 6/6
  2748 | D:4      | Identified the cursed +0 leather armour of the Game of Life
                  | {Dex+4}
  2869 | D:4      | Mangled by an orc

Illustrated notes

Levels and vault maps discovered:
D:1:      nagdon_arrival_zigzag_paths, layout_rooms
D:2:      layout_loops_ring, gammafunk_temple_overflow_elements
D:3:      layout_basic, minitemple, nemelex_xobeh_ov_fountains_minmay
D:4:      layout_loops_ring, small_statue_intersection, minmay_starry_boxes,
          uniq_sigmund

Skill      XL: |  1  2  3  4  5 |
---------------+----------------+-----
Polearms       | 4 |  4.3
Armour         | 1 |  1.4
Dodging        | 4 |  4.2
Fighting       | |  3.7
Throwing       | |  0.8
Stealth        | |  2.7

Action                   |  1- 3 |  4- 6 || total
-------------------------+-------+-------++-------
Melee: Spear             |   157 |   173 ||   330
Throw: Javelin           |     2 |    22 ||    24
  Use: Scroll            |     1 |     3 ||     4
 Stab: Sleeping          |     2 |     4 ||     6
       Distracted        |       |     1 ||     1
  Eat: Ration            |     1 |     1 ||     2
       Chunk             |       |     1 ||     1
Armor: Robe              |    21 |       ||    21
       Leather armour    |    17 |    29 ||    46
Dodge: Dodged            |    83 |    88 ||   171
Block: Other             |    28 |    33 ||    61
